 Dungeon Crawl Stone Soup version 0.27.1 (webtiles) character file.

Game seed: 12469984344714055652

23 nxtlvl the Ruffian (level 2, 0/29 HPs)
             Began as a Troll Abyssal Knight on Sept 4, 2021.
             Was a Follower of Lugonu.
             Slain by Grinder (2 damage)
             ... on level 3 of the Dungeon.
             The game lasted 00:01:46 (283 turns).

nxtlvl the Ruffian (Troll Abyssal Knight)            Turns: 283, Time: 00:01:47

Health: 0/29       AC:  4    Str: 19    XL:     2   Next: 75%
Magic:  2/2        EV:  9    Int:  8    God:    Lugonu [*.....]
Gold:   44         SH:  0    Dex:  9    Spells: 1/1 levels left

rFire    . . .     SeeInvis .     - Unarmed
rCold    . . .     Faith    .   (no shield)
rNeg     . . .     Spirit   .   a - +0 robe
rPois    .         Reflect  .   (helmet restricted)
rElec    .         Harm     .   (no cloak)
rCorr    .         Rampage  .   (gloves unavailable)
Will     .....                  (boots unavailable)
Stlth    +.........             (no amulet)
HPRegen  1.09/turn              (no ring)
MPRegen  0.08/turn              (no ring)

@: no status effects
A: large, unfitting armour, claws 3, regeneration 1, shaggy fur 1, tough skin 1
a: Renounce Religion, Depart the Abyss


You were on level 3 of the Dungeon.
You worshipped Lugonu.
Lugonu was aware of your devotion.
You visited 1 branch of the dungeon, and saw 3 of its levels.
You visited the Abyss 1 time.

You collected 44 gold pieces.

Inventory:

Armour
 a - a +0 robe (worn)
Scrolls
 c - 2 scrolls of identify {unknown}
 d - a scroll of immolation {unknown}
Potions
 b - a potion of curing {unknown}


   Skills:
 - Level 2.4 Fighting
 - Level 1.9 Dodging
 * Level 3.3 Unarmed Combat
 - Level 1.5 Invocations


You had one spell level left.
You didn't know any spells.
Your spell library was empty.

Dungeon Overview and Level Annotations

Branches:
Dungeon (3/15)

Altars:

Shops:
D:3 :

Annotations:
D:3 Grinder


Innate Abilities, Weirdness & Mutations

You are too large for most types of armour.
You have claws for hands.
Your natural rate of healing is unusually fast.
You are covered in fur. (AC +1)
You have tough skin. (AC +1)


Message History

Grinder shouts!
Grinder gestures at you.
You suddenly lose the ability to move!
You can move again.
Grinder blinks!
You claw Grinder!
Grinder is moderately wounded.
Grinder gestures at you.
You suddenly lose the ability to move!
Grinder hits you. x2
You writhe in agony.
Grinder hits you.
You writhe in agony.
* * * LOW HITPOINT WARNING * * *
You can move again.
Unknown command.
You claw Grinder!
Grinder is heavily wounded.
Grinder barely misses you.
You closely miss Grinder.
Grinder is heavily wounded.
Grinder hits you!
* * * LOW HITPOINT WARNING * * *
Unknown command.
You claw Grinder!
Grinder is severely wounded.
Grinder barely misses you.
You scratch Grinder.
Grinder is almost dead.
Grinder hits you but does no damage.
You closely miss Grinder.
Grinder is almost dead.
Grinder closely misses you.
You closely miss Grinder.
Grinder is almost dead.
You scratch Grinder.
Grinder is almost dead.
Grinder hits you.
* * * LOW HITPOINT WARNING * * *
You writhe in agony.
You die...

#.##< #.##. #....
####.... ##### ####
..###... .....##..
###.......
#....######.........
#...........#####.
...##@##...####...###.
......5>...####.........
##......#### #.###..##>
#.......# ... ##....
..#####.. ...# ##### .
##. .## . ..


You could see Grinder.

Vanquished Creatures
  A worm (D:3)
  An orc (D:3)
  A bat (D:2)
  3 endoplasms
  A giant cockroach (D:1)
  3 goblins
  A hobgoblin (D:1)
  A quokka (D:3)
  3 ball pythons
  A kobold (D:1)
  A rat (D:2)
17 creatures vanquished.

Notes
Turn   | Place    | Note
-------+----------+-------------------------------------------
     0 | Abyss:1  | nxtlvl the Troll Abyssal Knight began the quest for the
                  | Orb.
     0 | Abyss:1  | Reached XP level 1. HP: 22/22 MP: 1/1
     9 | D:1      | Escaped the Abyss
    45 | D:1      | Found a faded altar of an unknown god.
   132 | D:1      | Reached XP level 2. HP: 25/29 MP: 2/2
   156 | D:3      | Found Conoiz's Book Shoppe.
   171 | D:3      | Reached skill level 3 in Unarmed Combat
   264 | D:3      | Noticed Grinder
   264 | D:3      | Paralysed by Grinder for 2 turns
   273 | D:3      | Paralysed by Grinder for 3 turns
   278 | D:3      | HP: 1/29 [Grinder (9)]
   283 | D:3      | Slain by Grinder

Illustrated notes

Levels and vault maps discovered:
D:1:      minmay_arrival_nine_rooms, layout_basic, ebering_ecumenical_altar_rust
D:2:      layout_basic
D:3:      layout_rooms, serial_shops, shop, kennysheep_jessica_study,
          uniq_grinder

Skill      XL: |  1  2 |
---------------+-------+-----
Unarmed Combat | 3 |  3.3
Fighting       | |  2.4
Dodging        | |  1.9
Invocations    | |  1.5

Action                   || total
-------------------------++-------
Melee: Unarmed           ||    52
Armor: Robe              ||    15
Dodge: Dodged            ||    27
